 Dungeon Crawl Stone Soup version 0.25-a0-1007-g10a8c3caa8 (webtiles) character file.

Game seed: 12720316709534385805, levelgen mode: classic

661156 Amnesiac the Englaciator (level 27, -7/143 HPs)
             Began as a Deep Elf Ice Elementalist on May 11, 2020.
             Was the Champion of Vehumet.
             Killed by divine providence
             ... invoked by a meliai
              (9 damage)
             ... on level 3 of the Abyss.
             The game lasted 03:27:55 (55900 turns).

Amnesiac the Englaciator (DEIE)                    Turns: 55900, Time: 03:27:55

Health: -7/143     AC: 15    Str:  2    XL:     27
Magic:  0/65       EV: 33    Int: 32    God:    Vehumet [******]
Gold:   1762       SH: 15    Dex: 18    Spells: 38/80 levels left

rFire    + . .     SeeInvis +   a - +10 rapier of Isunn {drain, rC+ SInv Stlth+}
rCold    + + +     Gourm    .   f - +3 kite shield {AC+3}
rNeg     . . .     Faith    .   K - +2 robe {Archmagi}
rPois    .         Spirit   +   n - +2 helmet {Int+3}
rElec    +         Reflect  .   P - scarf {Spirit}
rCorr    .         Harm     .   D - +0 pair of gloves "Pymudgh" {rC++ MR+ Dex+5} (curse)
MR       +++..     Clarity  +   J - +2 pair of boots {Stlth+}
Stlth    ++++......             X - amulet of magic regeneration
HPRegen  0.33/turn              z - ring of magical power
MPRegen  0.64/turn              e - ring of Yrio {rElec rF+ rC++ Str-3 Int-5}

@: lethally poisoned (-7 -> -23), no potions
A: clarity, clumsy 1, deformed body, [deterioration 2], [frail 2]
}: 4/15 runes: barnacled, slimy, demonic, gossamer
a: Renounce Religion


You were on level 3 of the Abyss.
You worshipped Vehumet.
Vehumet was exalted by your worship.
You were not hungry.

You visited 11 branches of the dungeon, and saw 51 of its levels.
You visited Pandemonium 1 time, and saw 3 of its levels.
You visited the Abyss 1 time.
You also visited: Sewer, Gauntlet and Ice Cave.

You collected 7528 gold pieces.
You spent 5766 gold pieces at shops.

Inventory:

Hand Weapons
 a - the +10 rapier of Isunn (weapon) {drain, rC+ SInv Stlth+}
   (You found it on level 4 of the Shoals)

   A truly terrible weapon, it drains the life of those it strikes.
   It protects you from cold.
   It lets you see invisible.
   It makes you more stealthy.
 b - a +4 vorpal demon blade
Armour
 f - a +3 kite shield of protection (worn)
 m - a scarf of cloud immunity
 n - a +2 helmet of intelligence (worn)
 D - the cursed +0 pair of gloves "Pymudgh" (worn) {rC++ MR+ Dex+5}
   (You found it in Pandemonium)

   It affects your dexterity (+5).
   It greatly protects you from cold.
   It affects your resistance to hostile enchantments.
   It has a curse placed upon it.
 J - a +2 pair of boots of stealth (worn)
 K - a +2 robe of the Archmagi (worn)
 P - a scarf of spirit shield (worn)
Jewellery
 e - the ring of Yrio (right hand) {rElec rF+ rC++ Str-3 Int-5}
   (You took it off a deep elf annihilator on level 3 of the Elven Halls)

   [ring of protection from fire]

   It affects your strength (-3).
   It affects your intelligence (-5).
   It protects you from fire.
   It greatly protects you from cold.
   It insulates you from electricity.
 z - a ring of magical power (left hand)
 X - an amulet of magic regeneration (around neck)
Wands
 i - a wand of acid (67)
 p - a wand of digging (42)
 t - a wand of iceblast (32)
Scrolls
 g - 7 scrolls of blinking {!r}
 j - 4 scrolls of fog {!r}
 l - 24 scrolls of teleportation {!r}
 o - 9 scrolls of magic mapping {!r}
 q - 22 scrolls of remove curse {!r}
 s - a scroll of silence {!r}
 H - 10 scrolls of identify {!r}
 L - 3 scrolls of summoning {!r}
 O - 3 scrolls of fear {!r}
Potions
 d - 4 potions of resistance {!q}
 h - 6 potions of flight {!q}
 r - 12 potions of brilliance {!q}
 u - 20 potions of curing {!q}
 v - 13 potions of might {!q}
 x - 8 potions of haste {!q}
 C - 4 potions of cancellation {!q}
 G - 5 potions of mutation {!q}
 S - 7 potions of invisibility {!q}
 Z - 3 potions of heal wounds {!q}
Miscellaneous
 B - a phantom mirror
 E - 7 boxes of beasts
 M - a lightning rod (4/4)
 N - the horn of Geryon
 W - a phial of floods
Comestibles
 c - 47 rations
 k - 2 chunks of flesh


   Skills:
 * Level 19.8 Fighting
 - Level 11.0 Armour
 + Level 26.7 Dodging
 - Level 3.0 Stealth
 - Level 15.0 Shields
 O Level 27 Spellcasting
 O Level 27 Ice Magic
 - Level 3.0 Evocations


You had 38 spell levels left.
You knew the following spells:

 Your Spells              Type           Power        Failure   Level  Hunger
a - Ozocubu's Refrigerat  Ice            ########..   0%          6    None
b - Passwall              Tmut/Erth      ######..     1%          2    None
c - Summon Ice Beast      Ice/Summ       ########     1%          4    None
d - Freezing Cloud        Conj/Ice/Air   ########..   1%          6    None
e - Absolute Zero         Ice            ########..   1%          9    ####...
f - Summon Butterflies    Summ           ######..     1%          1    None
g - Apportation           Tloc           ######       1%          1    None
j - Frozen Ramparts       Ice            ######       0%          3    None
v - Blink                 Tloc           N/A          1%          2    None
w - Irradiate             Conj/Tmut      ######....   4%          5    None
z - Ozocubu's Armour      Chrm/Ice       ########     0%          3    None

Your spell library contained the following spells:

 Spells                   Type           Power        Failure   Level  Hunger
 Lehudib's Crystal Spear  Conj/Erth      ######....   100%        8    None
 Tornado                  Air            ######....   100%        9    ####...
 Freeze                   Ice            ####         0%          1    None
 Ensorcelled Hibernation  Hex/Ice        ######       0%          2    None
 Hailstorm                Conj/Ice       ########     0%          4    None
 Animate Skeleton         Necr           N/A          1%          1    None
 Corona                   Hex            ######.      1%          1    None
 Foxfire                  Conj/Fire      ####         1%          1    None
 Infusion                 Chrm           ####         1%          1    None
 Magic Dart               Conj           ####         1%          1    None
 Sting                    Tmut/Pois      ####         1%          1    None
 Summon Small Mammal      Summ           ####         1%          1    None
 Call Imp                 Summ           ######..     1%          2    None
 Corpse Rot               Necr/Air       N/A          1%          2    None
 Poisonous Vapours        Pois/Air       ######       1%          2    None
 Searing Ray              Conj           ######       1%          2    None
 Shroud of Golubria       Chrm/Tloc      ######       1%          2    None
 Slow                     Hex            ######..     1%          2    None
 Song of Slaying          Chrm           ######..     1%          2    None
 Swiftness                Chrm/Air       ######..     1%          2    None
 Confusing Touch          Hex            ######..     1%          3    None
 Conjure Flame            Conj/Fire      ######..     1%          3    None
 Dazzling Flash           Conj/Hex       ######       1%          3    None
 Gell's Gravitas          Tloc           ######....   1%          3    None
 Ignite Poison            Fire/Tmut/Pois ######..     1%          3    None
 Lesser Beckoning         Tloc           ######....   1%          3    None
 Mephitic Cloud           Conj/Pois/Air  ######..     1%          3    None
 Portal Projectile        Hex/Tloc       ######       1%          3    None
 Recall                   Summ/Tloc      N/A          1%          3    None
 Spectral Weapon          Hex/Chrm       ######..     1%          3    None
 Stone Arrow              Conj/Erth      ######       1%          3    None
 Teleport Other           Tloc           ######..     1%          3    None
 Tukima's Dance           Hex            ######..     1%          3    None
 Fulminant Prism          Conj/Hex       ######....   1%          4    None
 Ice Form                 Ice/Tmut       ########     1%          4    None
 Iskenderun's Mystic Bla  Conj/Tloc      ######..     1%          4    None
 Olgreb's Toxic Radiance  Pois           ######..     1%          4    None
 Simulacrum               Ice/Necr       ########..   1%          6    None
 Yara's Violent Unravell  Hex/Tmut       ######....   4%          5    None
 Animate Dead             Necr           N/A          5%          4    None
 Cause Fear               Hex            ######....   5%          4    None
 Leda's Liquefaction      Hex/Erth       ######....   5%          4    None
 Passage of Golubria      Tloc           N/A          5%          4    None
 Summon Lightning Spire   Summ/Air       ######..     5%          4    None
 Alistair's Intoxication  Tmut/Pois      ######..     14%         5    None
 Aura of Abjuration       Summ           ######....   14%         5    None
 Borgnjor's Vile Clutch   Necr/Erth      ######....   14%         5    None
 Silence                  Hex/Air        ######....   14%         5    None
 Summon Demon             Summ           ######....   14%         5    None
 Summon Forest            Summ/Tloc      ######....   14%         5    None
 Summon Mana Viper        Hex/Summ       ######..     14%         5    None
 Conjure Ball Lightning   Conj/Air       ######....   21%         6    None
 Darkness                 Hex            ######....   63%         6    None
 Death Channel            Necr           ######....   63%         6    None
 Dispersal                Tloc           ######....   63%         6    None
 Eringya's Noxious Bog    Tmut/Pois      ######....   63%         6    None
 Hydra Form               Tmut           ######....   63%         6    None
 Invisibility             Hex            ######..     63%         6    None
 Shadow Creatures         Summ           N/A          63%         6    None
 Statue Form              Tmut/Erth      ######...    63%         6    None
 Orb of Destruction       Conj           ######....   71%         7    None
 Haunt                    Necr/Summ      ######....   99%         7    None
 Malign Gateway           Summ/Tloc      ######....   99%         7    None
 Summon Hydra             Summ           ######....   99%         7    None
 Borgnjor's Revivificati  Necr           ######....   100%        8    None
 Chain Lightning          Conj/Air       ######....   100%        8    None
 Controlled Blink         Tloc           N/A          100%        8    None
 Death's Door             Chrm/Necr      ######....   100%        8    None
 Discord                  Hex            ######....   100%        8    None
 Disjunction              Tloc           ######....   100%        8    None
 Infestation              Necr           ######....   100%        8    None
 Necromutation            Tmut/Necr      ######....   100%        8    None
 Fire Storm               Conj/Fire      ######....   100%        9    ####...
 Shatter                  Erth           ######....   100%        9    ####...


Dungeon Overview and Level Annotations

Branches:
Dungeon (15/15)            Temple (1/1) D:5            Lair (6/6) D:11
 Shoals (4/4) Lair:4       Spider (4/4) Lair:3        Slime (5/5) Lair:5
    Orc (2/2) D:9             Elf (3/3) Orc:2        Vaults (0/5) D:13
 Depths (5/5) D:15           Hell (visited)             Dis (0/7) Hell
    Geh (0/7) Hell            Coc (0/7) Hell            Tar (0/7) Hell
    Zot (5/5) Depths:5      Sewer (visited)           IceCv (visited)
Gauntlet (visited)

Altars:
Ashenzari
Dithmenos
Elyvilon
Fedhas
Gozag
Hepliaklqana
Kikubaaqudgha
Makhleb
Nemelex Xobeh
Ru
Sif Muna
Trog
Uskayaw
Vehumet
Wu Jian
Xom
Yredelemnul
Zin
The Shining One
Beogh

Shops:
D:13 *   Orc:1 [   Orc:2 ::!?   Elf:3 ?   Shoals:1 %   Shoals:3 :   Zot:1 *
Zot:3 **   Depths:1 %

Portals:
Hell: Depths:1 Depths:2 Depths:3 Depths:4
Abyss: Depths:4
Pandemonium: Depths:3

Annotations:
D:5 exclusion: downstairs
D:13 Rupert
D:15 exclusion: orange crystal statue
Orc:1 1 transporter, Ibah's ghost, journeyman GnWz


Innate Abilities, Weirdness & Mutations

You possess an exceptional clarity of mind.
You are clumsy. (Dex -2)
Armour fits poorly on your strangely shaped body.
[Your body often deteriorates upon taking damage.]
[You are very frail. (-20% HP)]


Message History

A queen bee comes into view.
A green very ugly thing comes into view.
You block the killer bee's attack.
The meliai calls upon its god to heal the killer bee.
The killer bee is healed somewhat.
The green very ugly thing barely misses you.
The queen bee moves out of view.
Casting: Ozocubu's Refrigeration (safe; 0% risk of failure)
Confirm with . or Enter, or press ? or * to list all spells.
You feel a surge of power!
The heat is drained from your surroundings.
You resist.
You feel very cold. The monsters around you are frozen!
You kill the green very ugly thing!
Vehumet accepts your kill.
You feel your power returning.
You kill the killer bee!
Vehumet accepts your kill.
You feel your power returning.
You kill the meliai!
Vehumet accepts your kill.
You feel your power returning.
The wretched star resists.
The wretched star is heavily damaged.
The green very ugly thing is moderately wounded.
You feel very sick.
The wretched star glows turbulently.
The lance of force hits you!
* * * LOW HITPOINT WARNING * * *
You are knocked back by the lance of force.
You slam into the rock wall!
* * * LOW HITPOINT WARNING * * *
You cannot drink potions in your current state!
* * * LOW HITPOINT WARNING * * *
You feel very sick.
The queen bee stings you but does no damage.
Found 2 rations and an abyssal rune of Zot.
You see here a killer bee corpse.
* * * LOW HITPOINT WARNING * * *
You feel very sick. You block the queen bee's attack.
Unknown command.
* * * LOW HITPOINT WARNING * * *
You feel sick. The queen bee closely misses you.
The wretched star pulses with an eldritch light!
You feel frail. x2
A meliai comes into view. It is wielding a +0 hand axe.
* * * LOW HITPOINT WARNING * * *
You feel very sick.
A meliai comes into view. It is wielding a +0 vorpal hand axe.
A killer bee comes into view.
You block the meliai's attack. x2
The wretched star pulses with an eldritch light!
You feel yourself wasting away.
You feel your body start to fall apart.
* * * LOW HITPOINT WARNING * * *
You feel sick.
The meliai mumbles some strange prayers to its god against you.
Something smites you!
* * * LOW HITPOINT WARNING * * *
The queen bee calls on the meliai to defend it!
The meliai goes berserk!
* * * LOW HITPOINT WARNING * * *
You feel sick. You block the meliai's attack. The meliai closely misses you.
The meliai mumbles some strange prayers to its god against you.
Something smites you!
You die...

### ###@# #
#####%y#.%##
##.##yu...y.#
##)#†*.#...#...#
## ###.###.###.##
# #...#...# ..#
..#
#..#††.#...#...
... .#
##.###.###.###.##
.# .. #...#... .
..


You could see a green very ugly thing, a wretched star, a queen bee and 2
meliai.

Vanquished Creatures
  the Royal Jelly (Slime:5)
  3 ancient liches (Zot:5)
  A pandemonium lord (Pan)
  8 orbs of fire (Zot:5)
  The ghost of Thantalas the Slayer, a legendary DsFi of Kikubaaqudgha (Zot:3)
  3 Killer Klowns
  2 curse toes
  Geryon (Hell)
  8 golden dragons
  4 Tzitzimimeh
  A bone dragon (Abyss:2)
  2 Brimstone Fiends (Pan)
  2 electric golems (Zot:5)
  15 tentacled monstrosities
  5 liches
  3 Hell Sentinels (Pan)
  25 Orb Guardians (Zot:5)
  3 Ice Fiends (Pan)
  The ghost of TrebMcFLY the Earth Mage, an adept GrEE of Vehumet (Shoals:4)
  2 deep elf blademasters (Elf:3)
  A titan (Depths:4)
  Asterion (Elf:2)
  8 Executioners (Pan)
  3 death cobs
  2 deep elf master archers (Elf:3)
  A quicksilver dragon (Zot:4)
  23 acid blobs
  4 krakens (Shoals:2)
  Agnes (Spider:4)
  2 shadow dragons
  2 tengu reavers
  6 storm dragons
  Donald (Elf:2)
  Ilsuiw (Shoals:4)
  8 draconian monks
  14 azure jellies
  4 deep elf sorcerers
  5 draconian knights
  7 fire giants
  10 frost giants
  4 ghost moths
  An iron dragon (Depths:5)
  4 black suns (Pan)
  6 emperor scorpions (Spider:4)
  7 balrugs (Pan)
  2 draconian scorchers (Zot:1)
  5 cacodemons
  10 warmongers (Pan)
  3 deep elf elementalists (Elf:3)
  3 draconian stormcallers
  6 reapers
  3 draconian shifters (Zot:3)
  5 blood saints (Pan)
  24 very ugly things
  8 draconian annihilators
  9 stone giants
  12 black draconians
  A vampire knight (Depths:4)
  7 corrupters (Pan)
  4 green draconians
  18 yellow draconians
  6 deep elf demonologists
  A starcursed mass (Abyss:2)
  9 lorocyprocas
  Azrael (Orc:2)
  8 deep elf annihilators
  4 purple draconians
  8 white draconians
  A minotaur (Gauntlet)
  12 red draconians
  A spark wasp (Depths:2)
  10 ettins
  6 green deaths (Pan)
  10 death oozes
  8 merfolk javelineers (Shoals:4)
  8 blizzard demons
  7 deep elf death magi (Elf:3)
  4 crystal guardians
  5 merfolk impalers
  8 fire dragons
  5 deep elf high priests (Elf:3)
  5 yaktaur captains
  5 jiangshi
  17 great orbs of eyes
  2 vault guards
  4 hell beasts (Pan)
  10 ice dragons
  5 rakshasas
  5 monstrous demonspawn (Pan)
  4 spriggan air magi
  7 hydras
  An alligator snapping turtle (Shoals:3)
  5 merfolk aquamancers (Shoals:4)
  7 merfolk avatars
  2 satyrs
  The ghost of Mierey the Cleaver, a novice DDFi of Makhleb (Lair:1)
  4 centaur warriors
  4 catoblepae
  2 ogre magi (Depths:2)
  11 death yaks
  9 two-headed ogres
  7 deep troll earth magi
  33 dancing weapons
  8 deep troll shamans
  12 hell hogs (Hell)
  3 tengu warriors
  2 vampire magi
  4 spriggan berserkers
  3 thrashing horrors (Abyss:2)
  5 orc high priests
  9 soul eaters
  33 deep elf knights
  2 spriggans
  3 wretched stars
  30 sun demons
  9 hell knights
  9 skeletal warriors
  A fire crab (Lair:4)
  17 deep trolls
  2 shadow wraiths (Hell)
  5 sea snakes
  4 iron trolls
  5 sixfirhies
  A salamander mystic (Depths:3)
  2 unseen horrors
  3 flayed ghosts
  A cherub (Pan)
  5 gelid demonspawn (Pan)
  2 torturous demonspawn (Pan)
  5 necromancers
  A wizard (Depths:4)
  6 infernal demonspawn (Pan)
  17 deep elf archers
  An anaconda skeleton (Hell)
  2 shadow demons (Pan)
  An obsidian statue (Zot:3)
  A nameless horror (D:6)
  2 orc knights (D:15)
  74 deep elf magi
  10 orb spiders
  6 fauns
  2 orc sorcerers
  3 salamanders (Depths:3)
  13 shining eyes
  20 harpies
  A stone giant zombie (Hell)
  12 cyclopes
  14 manticores
  A salamander (shapeshifter) (Depths:1)
  35 ugly things
  2 worldbinders (Abyss:2)
  27 moths of wrath
  10 elephants
  30 wolf spiders
  An apocalypse crab (Abyss:2)
  4 rust devils
  10 merfolk sirens
  A dire elephant zombie (Hell)
  2 ice statues (Hell)
  13 orange demons
  A black mamba (shapeshifter) (Depths:4)
  5 water nymphs
  2 eyes of devastation
  2 torpor snails (shapeshifter) (Depths:2)
  2 torpor snails
  4 black mambas
  15 smoke demons
  A gargoyle (D:15)
  19 large abominations
  3 centaur skeletons
  10 hellions
  21 spiny frogs
  A komodo dragon (shapeshifter) (Elf:3)
  2 rime drakes (Lair:3)
  3 tengu conjurers
  2 efreet
  25 yaktaurs
  A yaktaur zombie (D:15)
  5 komodo dragons
  18 demonic crawlers
  An ancient zyme (Abyss:2)
  2 freezing wraiths (Hell)
  2 tormentors
  6 ice devils
  10 hellwings
  29 jumping spiders
  6 trolls
  A harpy zombie (D:14)
  2 queen bees
  2 queen bees (shapeshifter)
  8 meliai
  16 red devils
  7 hornets
  28 merfolk
  16 polar bears (IceCv)
  A wind drake (shapeshifter) (Depths:4)
  13 blink frogs
  18 dream sheep
  10 wind drakes
  A hydra skeleton (Hell)
  20 snapping turtles
  108 slime creatures
  7 hippogriffs
  2 raiju (Abyss:2)
  A centaur simulacrum (D:15)
  7 flying skulls (Gauntlet)
  2 alligator skeletons (Hell)
  A shadow (D:13)
  43 tarantellas
  86 redbacks
  11 water elementals
  3 air elementals
  2 basilisks
  13 fire elementals
  A vampire (D:15)
  4 wyverns
  13 ynoxinuls
  11 golden eyes
  5 neqoxecs (Pan)
  A steam dragon (Lair:4)
  54 yaks
  15 chaos spawn
  3 hungry ghosts
  2 wargs
  3 vampire mosquitoes (D:11)
  A spiny frog zombie (Hell)
  12 water moccasins
  An acid dragon (D:11)
  2 hell hounds (Orc:2)
  A hydra simulacrum (Hell)
  5 porcupines
  4 floating eyes
  A floating eye (shapeshifter) (Depths:4)
  3 sky beasts
  2 ice beasts
  A spiny frog skeleton (Hell)
  10 eyes of draining
  A phantom (D:7)
  5 small abominations (Abyss:2)
  26 orc warriors
  2 necrophages (D:10)
  12 ogres
  21 wolves
  10 centaurs
  11 crocodiles
  5 big kobolds
  A wyvern zombie (D:10)
  17 bullfrogs
  6 earth elementals
  A spiny frog simulacrum (Hell)
  2 scorpions
  42 killer bees
  6 wights
  5 howler monkeys
  5 electric eels
  11 crimson imps
  4 bullfrog zombies
  3 hounds
  5 jellies
  A bullfrog skeleton (D:9)
  6 centaur zombies
  41 orc priests
  34 orc wizards
  3 iguanas
  8 worker ants
  6 hell rats (Lair:5)
  2 hound skeletons
  A hound zombie (D:10)
  3 howler monkey zombies
  A worker ant zombie (D:11)
  6 gnolls
  19 adders
  5 river rats (Sewer)
  6 shadow imps
  2 white imps (Abyss:2)
  3 ufetubi
  4 oozes
  3 worms
  An adder skeleton (D:4)
  2 dart slugs
  6 leopard geckos
  88 orcs
  6 giant cockroaches
  6 goblins
  9 hobgoblins
  7 jackals
  3 quokkas
  10 ball pythons
  A ball python skeleton (D:5)
  9 bats
  7 frilled lizards
  48 kobolds
  35 rats
  9 blocks of ice
  A butterfly (Lair:5)
  2 demonic plants (Pan)
  4 fungi
  105 plants
  8 tentacles (Shoals:2)
2620 creatures vanquished.

Vanquished Creatures (collateral kills)
  A centaur warrior (D:13)
  A two-headed ogre (D:9)
  A soul eater (Gauntlet)
  2 skeletal warriors
  A deep elf mage (D:14)
  A manticore (D:12)
  A fire giant zombie (D:15)
  A wolf spider (Lair:3)
  An ugly thing (D:13)
  A moth of wrath (Lair:1)
  A spriggan skeleton (D:15)
  An ice dragon zombie (D:15)
  A flying skull (Gauntlet)
  A shadow (D:14)
  A wraith (D:14)
  A yak (D:14)
  A killer bee (D:13)
  2 wights (D:14)
  An orc priest (Orc:1)
  An orc wizard (Orc:1)
  An ufetubus (Gauntlet)
  2 orcs (Orc:1)
  A giant cockroach (D:6)
26 creatures vanquished.

Vanquished Creatures (others)
  A deep elf knight (Elf:1)
  A troll (Orc:1)
  A hippogriff (D:15)
  A yak (Lair:5)
  501 blocks of ice
  A demonic plant (Pan)
  7 fungi
  24 plants
  12 tentacles (Shoals:2)
  A withered plant (D:15)
550 creatures vanquished.

Grand Total: 3196 creatures vanquished

Notes
Turn   | Place    | Note
-------+----------+-------------------------------------------
     0 | D:1      | Amnesiac the Deep Elf Ice Elementalist began the quest for
                  | the Orb.
     0 | D:1      | Reached XP level 1. HP: 10/10 MP: 6/6
   184 | D:1      | Reached XP level 2. HP: 11/15 MP: 1/8
   758 | D:3      | Reached skill level 5 in Ice Magic
   863 | D:3      | Reached XP level 3. HP: 19/19 MP: 7/10
   868 | D:3      | Learned a level 3 spell: Frozen Ramparts
   872 | D:3      | Learned a level 3 spell: Ozocubu's Armour
   959 | D:3      | Reached XP level 4. HP: 19/24 MP: 6/12
  1034 | D:5      | Entered Level 5 of the Dungeon
  1210 | D:4      | Learned a level 4 spell: Summon Ice Beast
  1311 | D:5      | Reached XP level 5. HP: 26/28 MP: 10/13
  1335 | D:6      | Noticed a nameless horror
  1430 | D:6      | Reached skill level 1 in Fighting
  1430 | D:6      | Reached skill level 5 in Spellcasting
  1430 | D:6      | Reached XP level 6. HP: 33/34 MP: 2/15
  1543 | D:6      | Found a glowing drain.
  1547 | Sewer    | Entered a sewer
  1840 | Sewer    | Reached XP level 7. HP: 31/39 MP: 11/17
  2039 | D:5      | Found a staircase to the Ecumenical Temple.
  2048 | Temple   | Entered the Ecumenical Temple
  2060 | Temple   | Became a worshipper of Vehumet
  2651 | D:1      | Learned a level 4 spell: Hailstorm
  3219 | D:2      | Found a sacrificial altar of Ru.
  3468 | D:3      | Reached * piety under Vehumet
  3468 | D:3      | Offered knowledge of Sandblast by Vehumet.
  3964 | D:3      | Offered knowledge of Magic Dart by Vehumet.
  3982 | D:3      | Reached ** piety under Vehumet
  4142 | D:3      | Offered knowledge of Stone Arrow by Vehumet.
  4148 | D:3      | Reached XP level 8. HP: 45/45 MP: 20/20
  4769 | D:4      | Found a blossoming altar of Fedhas.
  4784 | D:4      | Found a glowing silver altar of Zin.
  4812 | D:4      | Reached *** piety under Vehumet
  5463 | D:5      | Found a shimmering blue altar of Sif Muna.
  5527 | D:6      | Killed a nameless horror
  5818 | D:6      | Reached skill level 10 in Ice Magic
  5827 | D:6      | Offered knowledge of Static Discharge by Vehumet.
  6160 | D:7      | Reached XP level 9. HP: 50/50 MP: 21/23
  6231 | D:7      | Reached skill level 1 in Evocations
  6312 | D:7      | Found a burning altar of Makhleb.
  6659 | D:7      | Found a glowing golden altar of the Shining One.
  7283 | D:8      | Noticed a two-headed ogre
  7295 | D:8      | Killed a two-headed ogre
  7295 | D:8      | Reached skill level 10 in Spellcasting
  7586 | D:8      | Found a white marble altar of Elyvilon.
  8014 | D:8      | Found a basalt altar of Yredelemnul.
  8099 | D:9      | Reached **** piety under Vehumet
  8166 | D:9      | Noticed a two-headed ogre
  8196 | D:9      | Killed a two-headed ogre
  8196 | D:9      | Reached XP level 10. HP: 56/56 MP: 19/26
  8236 | D:9      | Offered knowledge of Iskenderun's Battlesphere by Vehumet.
  8398 | D:9      | Reached skill level 5 in Dodging
  8433 | D:9      | Noticed a two-headed ogre
  8444 | D:9      | Killed a two-headed ogre
  8650 | D:9      | Found a shimmering altar of Xom.
  8671 | D:9      | Found a staircase to the Orcish Mines.
  8676 | D:9      | Found a roughly hewn altar of Beogh.
  9114 | Orc:1    | Entered Level 1 of the Orcish Mines
  9121 | Orc:1    | Noticed a two-headed ogre
  9121 | Orc:1    | Noticed a moth of wrath
  9123 | Orc:1    | Noticed Ibah's ghost (journeyman GnWz)
  9125 | Orc:1    | Found a transporter.
  9134 | Orc:1    | Found a bloodstained altar of Trog.
  9140 | Orc:1    | Noticed a cyclops
  9448 | Orc:1    | Killed a cyclops
  9504 | Orc:1    | Identified the cursed +0 bardiche of the Pillar {holy, rC+}
  9504 | Orc:1    | Noticed an orc knight
  9509 | Orc:1    | Found a transporter.
  9512 | Orc:1    | Noticed a two-headed ogre
  9560 | Orc:1    | Reached ***** piety under Vehumet
  9614 | Orc:1    | Offered knowledge of Spellforged Servitor by Vehumet.
  9859 | Orc:1    | Found Jekhiwit's Antique Armour Shop.
  9880 | Orc:1    | Found a roughly hewn altar of Beogh.
  9880 | Orc:1    | Noticed an orc high priest
  9892 | Orc:1    | Killed an orc high priest
  9892 | Orc:1    | Reached XP level 11. HP: 60/60 MP: 12/28
 10147 | Orc:2    | Entered Level 2 of the Orcish Mines
 10430 | Orc:2    | Found a staircase to the Elven Halls.
 10525 | Orc:2    | Noticed an orc sorcerer
 10527 | Orc:2    | Killed an orc sorcerer
 10548 | Orc:2    | Noticed an orc high priest
 10549 | Orc:2    | Noticed an orc high priest
 10552 | Orc:2    | Killed an orc high priest
 10588 | Orc:2    | Killed an orc high priest
 10750 | Orc:2    | Noticed an orc high priest
 10768 | Orc:2    | Killed an orc high priest
 10806 | Orc:2    | Noticed an orc high priest
 10819 | Orc:2    | Killed an orc high priest
 10843 | Orc:2    | Found Geplot's Distillery.
 10917 | Orc:2    | Reached skill level 15 in Ice Magic
 11010 | Orc:2    | Noticed Azrael
 11037 | Orc:2    | Killed Azrael
 11127 | Orc:2    | Found Zoavvid's Book Boutique.
 11130 | Orc:2    | Found Mayt's Book Boutique.
 11132 | Orc:2    | Found Ulaw's Magic Scroll Shop.
 11136 | Orc:2    | Bought a potion of flight for 39 gold pieces
 11309 | Orc:2    | Reached XP level 12. HP: 64/64 MP: 22/31
 11394 | Orc:1    | Offered knowledge of Irradiate by Vehumet.
 11401 | Orc:1    | Learned a level 5 spell: Irradiate
 11515 | D:10     | Entered Level 10 of the Dungeon
 11892 | D:10     | Reached skill level 10 in Dodging
 12157 | D:10     | Noticed a two-headed ogre
 12171 | D:10     | Killed a two-headed ogre
 12661 | D:11     | Found a staircase to the Lair.
 12823 | D:11     | Learned a level 1 spell: Summon Butterflies
 12825 | D:11     | Learned a level 1 spell: Apportation
 14092 | D:13     | Noticed a centaur warrior
 14100 | D:13     | Killed a centaur warrior
 14100 | D:13     | Reached skill level 15 in Spellcasting
 14166 | D:13     | Found a gate to the Vaults.
 14166 | D:13     | Noticed a vault guard
 14174 | D:13     | Killed a vault guard
 14339 | D:13     | Noticed a five-headed hydra
 14363 | D:13     | Killed a five-headed hydra
 14363 | D:13     | Offered knowledge of Iron Shot by Vehumet.
 14639 | D:13     | Reached XP level 13. HP: 19/68 MP: 3/34
 14660 | D:13     | HP: 3/68 [poisoned by a meliai]
 14666 | D:13     | HP: 2/68 [poisoned by a meliai]
 14674 | D:13     | HP: 2/68 [poisoned by a meliai]
 14800 | D:13     | Noticed Rupert
 15289 | D:13     | Found Dith's General Store.
 15443 | D:14     | Got a jewelled scale mail
 15499 | D:14     | Found a shadowy altar of Dithmenos.
 15790 | D:15     | Entered Level 15 of the Dungeon
 15868 | D:15     | Identified the cursed +0 scale mail of Chimes {Str+2} (You
                  | found it on level 14 of the Dungeon)
 16058 | D:15     | Found a shattered altar of Ashenzari.
 16652 | D:14     | Offered knowledge of Conjure Ball Lightning by Vehumet.
 17142 | D:15     | Found a staircase to the Depths.
 17911 | Orc:2    | Bought a manual of Ice Magic for 1656 gold pieces
 18027 | Lair:1   | Entered Level 1 of the Lair of Beasts
 18030 | Lair:1   | Found a transporter.
 18147 | Lair:1   | Found a transporter.
 18157 | Lair:1   | Found a gate leading to a gauntlet.
 18165 | Gauntlet | Entered a Gauntlet
 18165 | Gauntlet | Found a transporter.
 18172 | Gauntlet | Found a transporter.
 18174 | Gauntlet | Found a transporter.
 18185 | Gauntlet | Found a transporter.
 18203 | Gauntlet | Found a transporter.
 18211 | Gauntlet | Found a transporter.
 18214 | Gauntlet | Noticed a dire elephant
 18221 | Gauntlet | Found a transporter.
 18231 | Gauntlet | Found a transporter.
 18245 | Gauntlet | Found a transporter.
 18253 | Gauntlet | Found a runed translucent door.
 18254 | Gauntlet | Found a transporter.
 18255 | Gauntlet | Found a runed translucent door.
 18256 | Gauntlet | Found a transporter.
 18318 | Gauntlet | Found a transporter.
 18322 | Gauntlet | Found a transporter.
 18322 | Gauntlet | Found a transporter.
 18409 | Gauntlet | Reached XP level 14. HP: 60/74 MP: 15/37
 18556 | Gauntlet | Got an ancient marble ring
 18709 | Gauntlet | Got a steaming platinum ring
 18748 | Lair:1   | Identified the ring of Juan {rF- Str+2 Int+6 Slay+2 Stlth+}
                  | (You found it in a Gauntlet)
 18750 | Lair:1   | Identified the ring of Guiwnuyng {+Blink rC- rN+ MR-
                  | Slay+4} (You found it in a Gauntlet)
 18921 | Lair:1   | Noticed Mierey's ghost (novice DDFi)
 19417 | Lair:1   | Killed Mierey's ghost
 19420 | Lair:1   | Got a faintly glowing helmet
 19426 | Lair:1   | Identified the +0 helmet "Extyaj Qaeb" {-Cast rElec rF-
                  | Str+7} (You found it on level 1 of the Lair of Beasts)
 19881 | Lair:2   | You fall into a shaft and drop 1 floor!
 19984 | Lair:3   | Found a hole to the Spider Nest.
 20079 | Lair:3   | Offered knowledge of Freezing Cloud by Vehumet.
 20092 | Lair:3   | Learned a level 6 spell: Freezing Cloud
 20112 | Lair:3   | Found a frozen archway.
 20129 | IceCv    | Entered an ice cave
 20657 | IceCv    | Noticed a frost giant
 20670 | IceCv    | Killed a frost giant
 22130 | Lair:4   | Reached XP level 15. HP: 78/78 MP: 29/39
 22327 | Lair:4   | Offered knowledge of Orb of Destruction by Vehumet.
 22477 | Lair:4   | Found a staircase to the Shoals.
 22490 | Lair:4   | Learned a level 2 spell: Blink
 22691 | Lair:5   | Learned a level 2 spell: Ensorcelled Hibernation
 22754 | Lair:5   | Found a staircase to the Slime Pits.
 23467 | Lair:6   | Entered Level 6 of the Lair of Beasts
 23472 | Lair:6   | Found a shimmering altar of Xom.
 24771 | Lair:2   | Reached ****** piety under Vehumet
 25306 | Orc:1    | Bought a glowing helmet for 232 gold pieces
 25306 | Orc:1    | Bought a pair of ichor-stained gloves for 294 gold pieces
 25311 | Orc:1    | Identified the +1 pair of gloves of Mysticism {Dex+2} (You
                  | bought it in a shop on level 1 of the Orcish Mines)
 25377 | Elf:1    | Entered Level 1 of the Elven Halls
 25774 | Elf:1    | Offered knowledge of Ozocubu's Refrigeration by Vehumet.
 25782 | Elf:1    | Learned a level 6 spell: Ozocubu's Refrigeration
 25940 | Elf:1    | Reached skill level 15 in Dodging
 26059 | Elf:1    | Reached skill level 1 in Shields
 26063 | Elf:1    | Noticed a deep elf sorcerer
 26064 | Elf:1    | Reached XP level 16. HP: 81/83 MP: 18/41
 26081 | Elf:1    | Identified Sif Muna's Collected Works on Attacks and
                  | Creation
 26931 | Elf:2    | Noticed Asterion
 26935 | Elf:2    | Noticed Donald
 26947 | Elf:2    | Killed Asterion
 27192 | Elf:2    | Killed Donald
 27271 | Elf:2    | Offered knowledge of Lehudib's Crystal Spear by Vehumet.
 27271 | Elf:2    | Offered knowledge of Tornado by Vehumet.
 27271 | Elf:2    | Offered knowledge of Absolute Zero by Vehumet.
 27299 | Elf:2    | Learned a level 9 spell: Absolute Zero
 27665 | Elf:2    | Found a runed translucent gate.
 27665 | Elf:2    | Found a runed translucent gate.
 27667 | Elf:2    | Found a runed translucent gate.
 27944 | Elf:2    | Reached XP level 17. HP: 74/87 MP: 17/43
 28530 | Elf:3    | Entered Level 3 of the Elven Halls
 28592 | Elf:3    | Noticed a deep elf blademaster
 28595 | Elf:3    | Killed a deep elf blademaster
 28596 | Elf:3    | Noticed a deep elf master archer
 28596 | Elf:3    | Noticed a deep elf blademaster
 28598 | Elf:3    | Killed a deep elf master archer
 28598 | Elf:3    | Killed a deep elf blademaster
 28602 | Elf:3    | Noticed a deep elf master archer
 28604 | Elf:3    | Killed a deep elf master archer
 28623 | Elf:3    | Identified the ring of Yrio {rElec rF+ rC++ Str-3 Int-5}
 28677 | Elf:3    | Found Kyd Yvvu's Magic Scroll Emporium.
 29553 | Elf:3    | Reached XP level 18. HP: 89/92 MP: 35/45
 29751 | Elf:3    | Got a pair of heavily runed boots
 29813 | Elf:3    | Identified the Grimoire of Orientation
 29870 | Elf:3    | Identified the cursed -5 pair of boots of Gravitas {Dex+5}
                  | (You found it on level 3 of the Elven Halls)
 29899 | Elf:3    | Identified the ring "Gemp" {MR+ rCorr Dex+2 Slay-3}
 30200 | Elf:3    | Bought a scroll of acquirement for 832 gold pieces
 30458 | Slime:1  | Entered Level 1 of the Pits of Slime
 31516 | Slime:3  | Gained mutation: You possess an exceptional clarity of
                  | mind. [a shining eye]
 31518 | Slime:3  | Gained mutation: Armour fits poorly on your strangely
                  | shaped body. [a shining eye]
 31823 | Slime:5  | Entered Level 5 of the Pits of Slime
 32753 | Slime:5  | Noticed the Royal Jelly
 32755 | Slime:5  | Killed the Royal Jelly
 32755 | Slime:5  | Reached XP level 19. HP: 96/96 MP: 34/48
 33486 | Slime:5  | Got a wavering iron ring
 33489 | Slime:5  | Got an ichor-stained great mace
 33533 | Slime:5  | Got a slimy rune of Zot
 33543 | Slime:5  | Identified the Collected Works on the Frostbite and
                  | Augmentations
 33558 | Slime:5  | Got a brightly glowing trident
 33559 | Slime:5  | Identified the +9 trident "Gaut" {venom, rC+} (You found it
                  | on level 5 of the Pits of Slime)
 33599 | Slime:5  | Got faintly humming shadow dragon scales
 34064 | Slime:4  | Identified the +2 shadow dragon scales of the Wumpus {rElec
                  | Stlth++++} (You found it on level 5 of the Pits of Slime)
 34184 | Lair:4   | Identified the ring "Hiev" {*Slow +Fly rElec rPois Int+3}
                  | (You found it on level 5 of the Pits of Slime)
 34223 | Shoals:1 | Entered Level 1 of the Shoals
 34272 | Spider:1 | Entered Level 1 of the Spider Nest
 34540 | Spider:1 | Got an encrusted leather armour
 34875 | Spider:2 | Reached skill level 27 in Ice Magic
 35251 | Spider:2 | Identified the +2 leather armour of Okawaru's Outrage
                  | {-Cast +Blink rC+ rN+} (You found it on level 1 of the
                  | Spider Nest)
 35282 | Spider:3 | Reached skill level 1 in Armour
 35712 | Spider:4 | Entered Level 4 of the Spider Nest
 35750 | Spider:4 | Noticed Agnes
 35753 | Spider:4 | Killed Agnes
 35753 | Spider:4 | Reached skill level 5 in Armour
 35789 | Spider:4 | Reached XP level 20. HP: 86/101 MP: 50/50
 35837 | Spider:4 | Got a gossamer rune of Zot
 36276 | Shoals:1 | Got a faintly humming robe
 36279 | Shoals:1 | Found Orchoc's Food Shop.
 37037 | Shoals:2 | Identified the +3 cloak of Sorcery {rElec Regen+ Stlth+}
                  | (You acquired it on level 2 of the Shoals)
 37037 | Shoals:2 | Identified the Handbook of Displacement and Earth (You
                  | acquired it on level 2 of the Shoals)
 37042 | Shoals:2 | Learned a level 2 spell: Passwall
 37336 | Shoals:2 | Identified the +2 robe of the Farrier {rCorr} (You found it
                  | on level 1 of the Shoals)
 37653 | Shoals:3 | Got a colourful robe
 37947 | Shoals:3 | Reached skill level 10 in Armour
 37998 | Shoals:3 | Found Guth's Book Shop.
 38320 | Shoals:4 | Entered Level 4 of the Shoals
 38330 | Shoals:4 | Found a runed translucent door.
 38332 | Shoals:4 | Noticed TrebMcFLY's ghost (adept GrEE)
 38382 | Shoals:4 | Got a shimmering great sword
 38383 | Shoals:4 | Identified the +5 great sword "Earthworm" {freeze, rF-
                  | Str+2 Int+4 Dex+3} (You found it on level 4 of the Shoals)
 38385 | Shoals:4 | Identified the +3 robe of Ferum {Str+5} (You found it on
                  | level 3 of the Shoals)
 38471 | Shoals:4 | Noticed Ilsuiw
 38475 | Shoals:4 | Killed Ilsuiw
 38545 | Shoals:4 | Killed TrebMcFLY's ghost
 38802 | Shoals:4 | Reached XP level 21. HP: 95/105 MP: 23/53
 38909 | Shoals:4 | Got a barnacled rune of Zot
 38978 | Shoals:4 | Got a scorched rapier
 39372 | Depths:1 | Entered Level 1 of the Depths
 39372 | Depths:1 | Found a gateway to Hell.
 39834 | Depths:1 | Reached skill level 27 in Spellcasting
 39877 | Depths:1 | Found Topseavos's Food Shop.
 41330 | Orc:2    | Bought a manual of Shields for 1656 gold pieces
 41331 | Orc:2    | Bought 3 scrolls of blinking for 382 gold pieces
 41331 | Orc:2    | Bought a scroll of magic mapping for 59 gold pieces
 41331 | Orc:2    | Bought a scroll of amnesia for 59 gold pieces
 41331 | Orc:2    | Bought a scroll of enchant weapon for 127 gold pieces
 42648 | Depths:2 | Identified the +10 rapier of Isunn {drain, rC+ SInv Stlth+}
                  | (You found it on level 4 of the Shoals)
 42720 | Depths:2 | Reached skill level 5 in Shields
 43396 | Depths:3 | Reached XP level 22. HP: 110/110 MP: 49/55
 43544 | Depths:3 | Reached skill level 10 in Shields
 44023 | Depths:3 | Got a crude garnet amulet
 44254 | Depths:3 | Found a one-way gate leading to the halls of Pandemonium.
 44371 | Hell     | Entered the Vestibule of Hell
 44371 | Hell     | Noticed Geryon
 44429 | Hell     | Killed Geryon
 45102 | Hell     | Found a gateway to the decaying netherworld of Tartarus.
 45163 | Hell     | Identified the amulet "Meunamin" {Acrobat +Fly rPois Str+6
                  | Int+3 Dex-4} (You found it on level 3 of the Depths)
 45204 | Hell     | Found a gateway to the Iron City of Dis.
 45291 | Hell     | Found a gateway to the ashen valley of Gehenna.
 45332 | Hell     | Found a gateway to the freezing wastes of Cocytus.
 45519 | Depths:4 | Reached XP level 23. HP: 105/114 MP: 43/56
 45523 | Depths:4 | Identified the +4 falchion of Hepliaklqana {drain, rPois
                  | rC+ rN++ Int-4}
 45558 | Depths:4 | Reached skill level 15 in Shields
 45702 | Depths:4 | Reached skill level 5 in Fighting
 46287 | Depths:4 | Identified the amulet "Vonuw" {Harm *Drain MR++}
 46491 | Depths:4 | Found a one-way gate to the infinite horrors of the Abyss.
 46847 | Depths:5 | Entered Level 5 of the Depths
 46889 | Depths:5 | Got a scorched lapis lazuli ring
 46890 | Depths:5 | Identified the ring "Buol Totonk" {rPois SInv} (You found
                  | it on level 5 of the Depths)
 46929 | Depths:5 | Found a gate to the Realm of Zot.
 46939 | Zot:1    | Entered Level 1 of the Realm of Zot
 46939 | Zot:1    | Found Muoxogh's Changing Room.
 47415 | Zot:2    | Noticed a curse toe
 47418 | Zot:2    | Killed a curse toe
 47445 | Zot:2    | Noticed a Killer Klown
 47447 | Zot:2    | Killed a Killer Klown
 47553 | Zot:3    | Found a runed translucent gate.
 47554 | Zot:3    | Found a runed translucent gate.
 47554 | Zot:3    | Found an opulent altar of Gozag.
 47555 | Zot:3    | Found a runed translucent gate.
 47561 | Zot:3    | Found Haoxyik's Assorted Antiques.
 47562 | Zot:3    | Found Anguanar's Assorted Antiques.
 47562 | Zot:3    | Noticed Thantalas's ghost (legendary DsFi)
 47569 | Zot:3    | Killed Thantalas's ghost
 47719 | Zot:3    | Bought a pair of runed gloves for 150 gold pieces
 47719 | Zot:3    | Bought a shiny emerald ring for 100 gold pieces
 47719 | Zot:3    | Bought a scorched ring mail for 180 gold pieces
 47719 | Zot:3    | Identified the cursed +1 ring mail of the Albatross {MR+}
                  | (You bought it in a shop on level 3 of the Realm of Zot)
 47766 | Zot:3    | Reached XP level 24. HP: 136/136 MP: 48/56
 47773 | Zot:3    | Reached skill level 10 in Fighting
 49392 | Zot:1    | Paralysed by a Zot trap for 2 turns
 50341 | Zot:5    | Entered Level 5 of the Realm of Zot
 50642 | Zot:5    | Reached XP level 25. HP: 150/150 MP: 56/56
 50968 | Zot:5    | Noticed an ancient lich
 50970 | Zot:5    | Killed an ancient lich
 50972 | Zot:5    | Noticed an orb of fire
 50972 | Zot:5    | Killed an orb of fire
 50973 | Zot:5    | Noticed an orb of fire
 50975 | Zot:5    | Killed an orb of fire
 50975 | Zot:5    | Noticed an orb of fire
 50976 | Zot:5    | Killed an orb of fire
 50976 | Zot:5    | Noticed a Killer Klown
 50977 | Zot:5    | Killed a Killer Klown
 50977 | Zot:5    | Noticed an orb of fire
 50978 | Zot:5    | Killed an orb of fire
 50978 | Zot:5    | Noticed an orb of fire
 50979 | Zot:5    | Killed an orb of fire
 50979 | Zot:5    | Reached skill level 15 in Fighting
 51019 | Zot:5    | Noticed an orb of fire
 51021 | Zot:5    | Killed an orb of fire
 51024 | Zot:5    | Noticed an ancient lich
 51025 | Zot:5    | Killed an ancient lich
 51150 | Zot:5    | Noticed a Killer Klown
 51156 | Zot:5    | Killed a Killer Klown
 51159 | Zot:5    | Noticed an orb of fire
 51160 | Zot:5    | Killed an orb of fire
 51164 | Zot:5    | Noticed an orb of fire
 51205 | Zot:5    | Reached XP level 26. HP: 153/164 MP: 54/56
 51207 | Zot:5    | Killed an orb of fire
 51242 | Zot:5    | Noticed an ancient lich
 51244 | Zot:5    | Killed an ancient lich
 51744 | Pan      | Entered Pandemonium
 52338 | Pan      | Got a pair of heavily runed gloves
 52349 | Pan      | Got a demonic rune of Zot
 52860 | Pan      | Found a transporter.
 52866 | Pan      | Found a transporter.
 52870 | Pan      | HP: 4/168 [lorocyproca (14)]
 53556 | Pan      | Identified the amulet of Veoky {Reflect rC+ MR+ SH+3}
 53587 | Pan      | Got a polished hat
 53637 | Pan      | Identified the cursed +0 pair of gloves "Pymudgh" {rC++ MR+
                  | Dex+5} (You found it in Pandemonium)
 53648 | Pan      | Identified the +2 hat of Sovereignty {rC++} (You found it
                  | in Pandemonium)
 53896 | Pan      | Reached XP level 27. HP: 158/175 MP: 30/56
 54071 | Pan      | Noticed Puupopp the pandemonium lord
 54074 | Pan      | Gained mutation: You are clumsy. (Dex -2) [a neqoxec]
 54076 | Pan      | Killed Puupopp the pandemonium lord
 54142 | Pan      | HP: 8/176 [poisoned by a green death (poison gas)]
 54148 | Pan      | HP: 7/176 [poisoned by a green death (poison gas)]
 54155 | Pan      | HP: 6/176 [poisoned by a green death (poison gas)]
 54162 | Pan      | HP: 7/176 [poisoned by a green death (poison gas)]
 54170 | Pan      | HP: 8/176 [poisoned by a green death (poison gas)]
 54938 | Pan      | Found an exit through the horrors of the Abyss.
 55206 | Pan      | Took an exit into the Abyss.
 55206 | Abyss:1  | Escaped into the Abyss
 55899 | Abyss:3  | HP: 4/143 [meliai/divine providence (7)]
 55900 | Abyss:3  | Killed from afar by a meliai

Illustrated notes

Levels and vault maps discovered:
D:1:      nicolae_arrival_washed_ashore, layout_basic
D:2:      layout_basic, lemuel_round_altar
D:3:      minmay_goblin_kobold_castle, layout_loops_ring, grunt_ministairs_4
D:4:      layout_basic, chequers_temple_overflow_statue_of_worship,
          first_ration, hex_tiny
D:5:      layout_basic, led_sif_book, minmay_temple_entry_overgrown
D:6:      layout_basic, serial_curves, eino_curves_04, eino_curves_04,
          gup_sewer_entry_spiral, hex_medium
D:7:      layout_rooms, nicolae_tso_carved_into_rock, basic_altar
D:8:      layout_gridville, kennysheep_ying_yang
D:9:      layout_loops_ring, lemuel_doored_altar, minmay_orc_entry_temple_small
D:10:     layout_loops_corners, david_nohive_1
D:11:     layout_long_grid, lair_entry_dummy
D:12:     layout_roguey
D:13:     layout_basic, david_vaults_5, serial_shops, shop, special_room
          [special_room_bee], serial_bayou_pond_c, kennysheep_generic_room_10,
          uniq_rupert
D:14:     layout_rooms, kennysheep_small_spiral,
          grunt_dithmenos_smoke_and_mirrors
D:15:     gammafunk_depths_entry_grave, layout_stronghold, ashenzari_altar_1,
          minivault_16
Temple:   nicolae_temple_great_sept
Lair:1:   layout_small_grid, gauntlet_entry_generic,
          gammafunk_ghost_berserking_beasts
Lair:2:   layout_small_grid, small_statue_intersection
Lair:3:   layout_misc_corridors, spider_nest_entry_rubble, portal_ice_cave_rime,
          chequers_serial_rivers_large_a, chequers_serial_rivers_marsh
Lair:4:   layout_regular_city, minmay_shoals_entry_hut, minmay_shattered_shrine
Lair:5:   layout_regular_city, nicolae_slime_entry_slimehenge,
          lemuel_fruit_tree, lemuel_fruit_fields, grunt_megastairs_5
Lair:6:   evilmike_catoblepas_cave, layout_misc_corridors, basic_altar,
          serial_bayou_lake_a
Shoals:1: layout_shoals, serial_shops, shop
Shoals:2: layout_shoals, nicolae_shoals_kraken_party
Shoals:3: layout_shoals, serial_shops, shop, st_shoals_ruin
Shoals:4: shoals_end_hangedman, layout_shoals, shoal_ilsuiw,
          gammafunk_ghost_grave
Spider:1: layout_spider_delve
Spider:2: layout_spider_delve
Spider:3: layout_spider_delve
Spider:4: grunt_spider_rune_circles, uniq_agnes
Slime:1:  layout_caves
Slime:2:  layout_caves
Slime:3:  layout_caves, nicolae_slime_barrier
Slime:4:  cheibrodos_slime_lost_civilization_10, layout_caves
Slime:5
Orc:1:    layout_diamond_mine, gammafunk_ghost_wrathful_warriors, serial_shops,
          nicolae_shop_temple_entry_statues_fountains, kennysheep_orc_chapel
Orc:2:    st_orc_mages, layout_caves, uniq_azrael
Elf:1:    minmay_elf_arrival_plus, layout_rooms, minmay_elf_sorcery
Elf:2:    layout_geoelf_octagon, uniq_donald, uniq_asterion
Elf:3:    grunt_elf_hall_branching, layout_onion_city, serial_shops, shop
Depths:1: layout_cave_shapes, serial_shops, shop_fountains,
          chequers_serial_rivers_small_b, hell_entry, hangedman_corner_corridor,
          serial_bayou_shore_b, serial_bayou_shore_b
Depths:2: minmay_the_grid_3x2 [minmay_the_grid_diamond_grid,
          minmay_the_grid_medium_cups, minmay_the_grid_embedded,
          minmay_the_grid_artifice, minmay_the_grid_gridbox,
          minmay_the_grid_prize_diamond_cup], layout_honeycomb,
          small_statue_intersection, pf_dread_powers_of_hell,
          lemuel_old_faithful
Depths:3: cheibrodos_tormentor_scu, layout_cave_pools, pf_coc_iceberg,
          rand_demon_pan_entry_8, lightli_corner_chamber,
          infiniplex_staircase_split_hallway
Depths:4: grunt_x_marks_the_spot, layout_basic, hangedman_tar_grid_catacomb,
          abyss_entry, infiniplex_staircase_zigzag_1, serial_bayou_shore_b
Depths:5: hangedman_spin_cycle, serial_shops, hell_entry, pan_entry
Hell
Zot:1:    layout_twisted_circle, lemuel_baited_zot_trap,
          nicolae_transmutations_shop
Zot:2:    layout_onion, bh_zot_levy_curve
Zot:3:    layout_cathedral_of_symmetry, ebering_ghost_gozag
Zot:4:    layout_onion_interference
Zot:5:    layout_gridlike
Abyss:3:  base: Elf:2, evilmike_abyss_exit_15, grunt_abyss_rune_wretched_hive

Skill      XL: |  1  2  3  4  5  6  7  8  9 10 11 12 13 14 15 16 17 18 19 20 21 22 23 24 25 26 27 |
---------------+----------------------------------------------------------------------------------+-----
Stealth        | 3 |  3.0
Ice Magic      | 5 6 7 8 10 12 13 15 16 20 22 23 24 26 27 | 27.0
Dodging        | 3 4 7 9 12 14 15 20 21 23 24 25 26 | 26.7
Spellcasting   | 4 5 6 8 10 11 13 15 17 18 19 20 21 23 24 26 27 | 27.0
Fighting       | 1 2 3 9 13 16 18 19 | 19.8
Evocations     | 3 |  3.0
Shields        | 1 4 8 14 15 | 15.0
Armour         | 5 10 11 | 11.0

Action                   |  1- 3 |  4- 6 |  7- 9 | 10-12 | 13-15 | 16-18 | 19-21 | 22-24 | 25-27 || total
-------------------------+-------+-------+-------+-------+-------+-------+-------+-------+-------++-------
Melee: War axe           |       |    53 |    22 |       |       |       |       |       |       ||    75
       Long sword        |       |       |    32 |       |       |       |       |       |       ||    32
       Scimitar          |       |       |       |   102 |   258 |    65 |    82 |       |       ||   507
       Rapier            |       |       |       |       |       |       |    11 |   123 |    70 ||   204
 Fire: Hunting sling     |       |       |   339 |   240 |       |       |       |       |       ||   579
Throw: Stone             |       |    24 |    50 |    34 |    25 |       |       |       |       ||   133
       Dart              |       |       |       |       |    27 |       |       |       |       ||    27
 Cast: Freeze            |    43 |    36 |    44 |    83 |   142 |       |       |       |       ||   348
       Frozen Ramparts   |     2 |    13 |    49 |    83 |    88 |     6 |     3 |     2 |       ||   246
       Ozocubu's Armour  |       |     1 |     6 |    19 |    19 |     2 |       |       |       ||    47
       Summon Ice Beast  |       |     1 |     3 |    10 |    38 |       |       |       |       ||    52
       Hailstorm         |       |       |     2 |    78 |   111 |     9 |     1 |       |       ||   201
       Irradiate         |       |       |       |       |    28 |     9 |     3 |     1 |       ||    41
       Freezing Cloud    |       |       |       |       |    60 |     9 |     3 |       |       ||    72
       Ozocubu's Refrige |       |       |       |       |     5 |   169 |   340 |   266 |    96 ||   876
       Blink             |       |       |       |       |     1 |       |     1 |       |     2 ||     4
       Absolute Zero     |       |       |       |       |       |    42 |    89 |   121 |   262 ||   514
       Passwall          |       |       |       |       |       |       |       |     1 |     1 ||     2
Evoke: Wand              |       |       |       |     3 |     1 |     1 |     1 |     1 |       ||     7
       Lightning rod     |       |       |       |     2 |       |       |     4 |       |       ||     6
       Horn of Geryon    |       |       |       |       |       |       |       |     1 |       ||     1
  Use: Scroll            |       |       |    16 |     8 |    16 |     9 |    17 |     8 |     6 ||    80
       Potion            |       |       |     3 |     2 |     6 |       |       |       |     4 ||    15
 Stab: Sleeping          |       |     1 |     1 |       |     1 |       |       |     2 |     2 ||     7
       Distracted        |       |       |       |     1 |     3 |       |       |     1 |       ||     5
  Eat: Chunk             |       |     4 |    20 |    20 |    33 |    17 |    31 |    20 |     3 ||   148
       Ration            |       |       |       |     1 |     2 |     6 |     5 |     8 |    16 ||    38
Armor: Robe              |     5 |    14 |    70 |    58 |   106 |    10 |    15 |    31 |    27 ||   336
       Skin              |       |       |       |       |    25 |       |       |       |       ||    25
Dodge: Dodged            |    17 |    67 |   170 |   296 |   563 |    60 |   173 |   203 |   170 ||  1719
Block: Buckler           |       |       |       |       |       |    15 |    33 |     4 |       ||    52
       Kite shield       |       |       |       |       |       |       |       |   119 |   109 ||   228
       Rpst.: Long sword |       |       |    11 |       |       |       |       |       |       ||    11
       Scimitar          |       |       |       |    56 |   147 |    12 |    25 |       |       ||   240

Table legend:
 A = Non-vault XP
 B = Vault XP
 C = Vault XP percentage of total XP
 D = Non-vault monster count
 E = Vault monster count
 F = Vault count percentage of total count
                 A         B        C        D         E       F
            +---------+---------+-------+---------+---------+-------
      Total |  921889 |  688892 |  42.8 |    1695 |     802 |  32.1
            +---------+---------+-------+---------+---------+-------
        D:1 |      40 |       0 |   0.0 |      26 |       0 |   0.0
        D:2 |      71 |       0 |   0.0 |      15 |       0 |   0.0
        D:3 |     183 |     454 |  71.3 |      34 |      48 |  58.5
        D:4 |     444 |       0 |   0.0 |      11 |       0 |   0.0
        D:5 |     259 |      75 |  22.5 |      10 |       2 |  16.7
        D:6 |     858 |      15 |   1.7 |      23 |       7 |  23.3
        D:7 |     706 |       0 |   0.0 |      16 |       0 |   0.0
        D:8 |    1383 |       0 |   0.0 |       9 |       0 |   0.0
        D:9 |    3256 |     678 |  17.2 |      43 |      15 |  25.9
       D:10 |    4951 |    1163 |  19.0 |      29 |      15 |  34.1
       D:11 |    1264 |       0 |   0.0 |      15 |       0 |   0.0
       D:12 |    1790 |       0 |   0.0 |      24 |       0 |   0.0
       D:13 |    3605 |    3444 |  48.9 |      17 |      25 |  59.5
       D:14 |    6177 |     670 |   9.8 |      33 |       1 |   2.9
       D:15 |   10970 |    3416 |  23.7 |      34 |       7 |  17.1
     Lair:1 |    4855 |    2747 |  36.1 |      15 |       6 |  28.6
     Lair:2 |    4960 |       0 |   0.0 |      23 |       0 |   0.0
     Lair:3 |    5237 |    1189 |  18.5 |      19 |       3 |  13.6
     Lair:4 |   11423 |    2282 |  16.7 |      32 |       4 |  11.1
     Lair:5 |    4467 |    1317 |  22.8 |      23 |       8 |  25.8
     Lair:6 |    8200 |   12187 |  59.8 |      25 |      23 |  47.9
   Shoals:1 |   16496 |       0 |   0.0 |      32 |       0 |   0.0
   Shoals:2 |    8287 |    9006 |  52.1 |      21 |       4 |  16.0
   Shoals:3 |   18376 |    6798 |  27.0 |      36 |       9 |  20.0
   Shoals:4 |   16149 |   28130 |  63.5 |      38 |      38 |  50.0
   Spider:1 |   15233 |       0 |   0.0 |      54 |       0 |   0.0
   Spider:2 |   12995 |       0 |   0.0 |      39 |       0 |   0.0
   Spider:3 |   15632 |       0 |   0.0 |      51 |       0 |   0.0
   Spider:4 |   13745 |   23042 |  62.6 |      44 |      35 |  44.3
    Slime:1 |    9736 |       0 |   0.0 |      11 |       0 |   0.0
    Slime:2 |   14261 |       0 |   0.0 |      26 |       0 |   0.0
    Slime:3 |   15204 |       0 |   0.0 |      32 |       0 |   0.0
    Slime:4 |   27232 |       0 |   0.0 |      41 |       0 |   0.0
    Slime:5 |   18305 |   32690 |  64.1 |      31 |      15 |  32.6
      Orc:1 |    1596 |    1014 |  38.9 |      28 |       5 |  15.2
      Orc:2 |    2676 |    8163 |  75.3 |      31 |      52 |  62.7
      Elf:1 |   25745 |   10474 |  28.9 |      37 |      16 |  30.2
      Elf:2 |   35411 |   27160 |  43.4 |      57 |      31 |  35.2
      Elf:3 |   22152 |   44729 |  66.9 |      37 |      31 |  45.6
   Depths:1 |   36297 |    9702 |  21.1 |      48 |       8 |  14.3
   Depths:2 |   25355 |   33872 |  57.2 |      37 |      32 |  46.4
   Depths:3 |   51642 |   18051 |  25.9 |      69 |      14 |  16.9
   Depths:4 |   41927 |   44725 |  51.6 |      49 |      37 |  43.0
   Depths:5 |       0 |   14743 | 100.0 |       0 |      14 | 100.0
       Hell |   25728 |   28839 |  52.9 |      29 |      49 |  62.8
      Zot:1 |   26905 |       0 |   0.0 |      18 |       0 |   0.0
      Zot:2 |   30662 |       0 |   0.0 |      15 |       0 |   0.0
      Zot:3 |   67156 |   17331 |  20.5 |      44 |       8 |  15.4
      Zot:4 |   34815 |       0 |   0.0 |      18 |       0 |   0.0
      Zot:5 |   68378 |  183628 |  72.9 |      41 |      41 |  50.0
    Abyss:1 |     511 |       0 |   0.0 |       1 |       0 |   0.0
    Abyss:2 |   27596 |       0 |   0.0 |      45 |       0 |   0.0
    Abyss:3 |       0 |    4726 | 100.0 |       0 |      11 | 100.0
        Pan |  120587 |   96059 |  44.3 |     159 |      76 |  32.3
      Sewer |       0 |     392 | 100.0 |       0 |      48 | 100.0
      IceCv |       0 |   11507 | 100.0 |       0 |      46 | 100.0
   Gauntlet |       0 |    4474 | 100.0 |       0 |      18 | 100.0
            +---------+---------+-------+---------+---------+-------
